Map: Frozen Temple

Players

WOLOLO - Winner!

  • Race: Zerg Zerg
  • League: Master

Miszu

  • Race: Terran Terran
  • League: Master

VOD

Have the link to the VOD?

Description

Time

  • Played on: April 30, 2016, 4:09 p.m.
  • Length: 4:41
Show
View Real Time Build Order
Export as new Build Order

WOLOLO Zerg - Winner!

Build Orders: Pool First 

Get SALT Encoding   

  12  0:00  Drone  
  13  0:12  Overlord  
  13  0:17  Drone  
  14  0:30  Drone x2  
  14  0:34  Drone  
  17  0:44  Spawning Pool  
  17  0:47  Drone  
  17  0:49  Extractor  
  16  0:57  Drone  
  17  1:06  Drone  
  18  1:17  Drone  
  19  1:21  Hatchery  
  18  1:30  Zergling x2  
  19  1:34  Queen  
  21  1:43  Overlord  
  21  1:49  Metabolic Boost  
  21  1:52  Drone  
  22  2:06  Drone  
  23  2:10  Queen  
  23  2:14  Drone  
  26  2:24  Overlord  
  26  2:34  Drone x2  
  28  2:39  Queen  
  28  2:42  Drone x3  
  33  2:54  Zergling x4  
  33  2:55  Zergling x4  
  37  3:06  Zergling x2  
  37  3:07  Zergling x2  
  39  3:13  Hatchery  
  39  3:18  Zergling x6  
  41  3:23  Evolution Chamber  
  40  3:32  Overlord  
  40  3:34  Zergling x2  
  40  3:35  Zergling x4  
  43  3:43  Drone  
  43  3:50  Queen, Drone x2  
  43  3:51  Drone  
  48  3:58  Drone x3  
  51  4:04  Drone  
  51  4:07  Roach Warren  
  50  4:20  Drone x2  
  50  4:21  Drone x3  
  50  4:28  Drone  
Show
View Real Time Build Order
Export as new Build Order

Miszu Terran 

Build Orders: Reaper Expand 

Get SALT Encoding   

  12  0:01  SCV  
  13  0:13  SCV  
  14  0:18  Supply Depot  
  14  0:25  SCV  
  15  0:39  SCV  
  15  0:41  Barracks  
  16  0:44  Refinery  
  16  0:53  SCV  
  17  1:05  SCV  
  18  1:17  SCV  
  19  1:29  Orbital Command  
  19  1:30  Reaper  
  20  1:40  Command Center  
  20  1:49  Supply Depot  
  20  1:55  SCV  
  21  2:04  Marine  
  21  2:07  SCV  
  23  2:12  Factory  
  23  2:19  SCV  
  24  2:28  Barracks Reactor  
  23  2:38  SCV  
  23  2:43  Command Center  
  24  2:50  SCV  
  25  2:59  Orbital Command  
  25  3:02  SCV  
  26  3:09  Barracks Tech Lab  
  26  3:11  Hellion x2  
  30  3:14  SCV  
  30  3:19  Supply Depot  
  31  3:26  SCV  
  32  3:27  Marine  
  32  3:29  SCV  
  34  3:36  Hellion x2  
  34  3:38  SCV  
  39  3:41  SCV  
  39  3:46  Marine  
  41  3:50  SCV  
  41  3:53  Refinery  
  41  3:54  SCV, Orbital Command  
  43  4:02  Barracks, SCV  
  44  4:06  Barracks, SCV  
  44  4:07  Marine, Factory Reactor  
  46  4:15  SCV  
  40  4:18  SCV  
  20  4:37  Engineering Bay  
  21  4:39  Engineering Bay  
  21  4:40  Supply Depot  
Tags
 
Add a new tag
Caveats
  • Supply blocks, unpowered buildings, or Contaminate may cause inaccurate times.
  • Supply counts are checked every 10 seconds.